 Dungeon Sprint DCSS version 0.31.0-9-g3a7656b989 (webtiles) character file.

Game seed: 14180468824660228988

126 Heoruswealwe the Spear-Bearer (level 4, 0/45 HPs)
             Began as a Minotaur Fighter on Feb 3, 2024.
             Succumbed to an adder's poison
             ... in the Dungeon (Sprint IX: "|||||||||||||||||||||||||||||").
             The game lasted 00:00:41 (34 turns).

Heoruswealwe the Spear-Bearer (Minotaur Fighter)      Turns: 34, Time: 00:00:42

Health: 0/45       AC:  7    Str: 23    XL:     4   Next: 84%
Magic:  3/3        EV:  9    Int:  5    God:
Gold:   0          SH:  4    Dex:  9    Spells: 3/3 levels left

rFire   . . .        a - +0 trident
rCold   . . .        d - +0 buckler
rNeg    . . .        c - +0 scale mail
rPois   .            (helmet restricted)
rElec   .            (no cloak)
rCorr   .            (no gloves)
SInv    .            (no boots)
Will    .....        (no amulet) Stlth
                     (no ring)
HPRegen 0.27/turn    (no ring)
MPRegen 0.08/turn

%: no teleportation
@: lethally poisoned (0 -> -1)
A: horns 2, retaliatory headbutt
a: no special abilities


You were in the Dungeon.
You visited 1 branch

Inventory:

Hand Weapons
 a - a +0 trident (weapon)
Armour
 c - a +0 scale mail (worn)
 d - a +0 buckler (worn)
Scrolls
 j - a scroll of blinking
Potions
 b - a potion of might
 g - a potion of haste
 h - 2 potions of magic
 i - a potion of berserk rage


   Skills:
 + Level 6.8 Fighting
 * Level 8.5 Polearms
 + Level 6.8 Armour
 - Level 3.6 Shields


You had 3 spell levels left.
You didn't know any spells.
Your spell library was empty.

Dungeon Overview and Level Annotations

Branches:
Dungeon (1/1)

Altars:


Innate Abilities, Weirdness & Mutations

You have a pair of horns on your head.
You reflexively headbutt those who attack you in melee.


Message History

You have reached level 3!
Your experience leads to an increase in your attributes!
Increase (S)trength, (I)ntelligence, or (D)exterity?
You feel stronger. x2
You have reached level 4!
You feel stronger.
You barely miss the white imp.
The white imp is heavily wounded.
The white imp gestures at you. The puff of frost hits you!
* * * LOW HITPOINT WARNING * * *
You feel better.
The white imp hits you but does no damage.
You hit the white imp but do no damage.
The white imp is heavily wounded.
The white imp hits you but does no damage.
You puncture the white imp!
You kill the white imp!
The adder bites you.
* * * LOW HITPOINT WARNING * * *
You are poisoned.
The adder poisons you!
Okay, then.
You closely miss the adder. You headbutt the adder!
The adder is severely wounded.
You feel sick. You block the adder's attack.
You closely miss the adder.
The adder is severely wounded.
The adder bites you.
* * * LOW HITPOINT WARNING * * *
You puncture the adder!
You kill the adder!
You feel sick.
You barely miss the hound.
You feel sick.
The hound bites you but does no damage. x2
You hit the hound but do no damage.
You feel sick. The hound bites you.
* * * LOW HITPOINT WARNING * * *
Unknown command.
You barely miss the hound.
You die... ▓▓▓▓▓▓▓▓▓▓▓▓▓▓▓▓▓▓ +....oh@....†...<▓ ▓▓▓▓▓▓▓▓▓▓▓▓▓▓▓▓▓▓

You could see a hound and an orc.

Vanquished Creatures
  A water moccasin (D)
  An adder (D)
  A white imp (D)
  A hobgoblin (D)
  A quokka (D)
  A ball python (D)
  2 rats (D)
8 creatures vanquished.

Notes
Turn   | Place    | Note
-------+----------+-------------------------------------------
     0 | D        | Heoruswealwe the Minotaur Fighter began the quest for the
                  | Orb.
     0 | D        | Reached XP level 1. HP: 19/19 MP: 0/0
     5 | D        | Reached skill level 3 in Polearms
    15 | D        | Noticed a hound
    15 | D        | Noticed a water moccasin
    24 | D        | Killed a water moccasin
    25 | D        | Reached skill level 8 in Polearms
    25 | D        | Reached XP level 2. HP: 9/31 MP: 1/1
    25 | D        | Reached XP level 3. HP: 12/38 MP: 2/2
    25 | D        | Reached XP level 4. HP: 14/45 MP: 3/3
    33 | D        | HP: 1/45 [hound (3)]
    34 | D        | Succumbed to an adder's poison

Illustrated notes

Levels and vault maps discovered:
D:        linesprint [early_d, line_temple, items_1, d_10, items_2, lair_1,
          lair_end, items_3, orc_1, orc_end, items_4, d_15, swamp_1, shoals_1,
          snake_1, spider_1, d_20, vaults_1, items_5, swamp_end, shoals_end,
          snake_end, spider_end, vaults_end, d_27, items_6, zot_1, zot_end,
          crypt_end, forest_end, elf_end, slime_end, tomb_end, abyss_end,
          pan_hell_end]

Skill      XL: |  1 |
---------------+----+-----
Polearms       | 8 |  8.5
Fighting       | 6 |  6.8
Armour         | 6 |  6.8
Shields        | |  3.6

Action                     |  1- 3 |  4- 6 || total
---------------------------+-------+-------++-------
  Melee: Trident           |    13 |     9 ||    22
         Headbutt          |     3 |     1 ||     4
    Use: Potion            |     1 |     1 ||     2
 Armour: Scale mail        |    10 |     8 ||    18
  Block: Buckler           |     3 |     1 ||     4
